 Dungeon Crawl Stone Soup version 0.25-a0-424-g80bd347ae0 (webtiles) character file.

Game seed: 2376041891472939356, levelgen mode: deterministic

834 tilp the Gusty (level 7, -3/41 HPs)
             Began as a Tengu Air Elementalist on Jan 23, 2020.
             Slain by an ogre
             ... wielding a cursed -1 giant spiked club
              (27 damage)
             ... on level 4 of the Dungeon.
             The game lasted 00:11:49 (4329 turns).

tilp the Gusty (Tengu Air Elementalist)             Turns: 4329, Time: 00:11:49

Health: -3/41      AC:  7    Str:  8    XL:     7   Next: 98%
Magic:  8/14       EV: 16    Int: 17    God:
Gold:   190        SH:  0    Dex: 15    Spells: 5/15 levels left

rFire    + . .     SeeInvis .   a - +3 hand axe (vorpal)
rCold    . . .     Gourm    .   (no shield)
rNeg     . . .     Faith    .   n - +1 leather armour {rF+}
rPois    .         Spirit   .   (helmet restricted)
rElec    .         Reflect  .   j - +2 cloak
rCorr    .         Harm     .   (no gloves)
MR       .....                  (boots unavailable)
Stlth    +++.......             (no amulet)
HPRegen  0.13/turn              e - ring of stealth
MPRegen  0.14/turn              u - ring of wizardry

@: lethally poisoned (-3 -> -5), flying quickly and evasively, quick
A: beak, talons 3, able to fly
a: Stop Flying


You were on level 4 of the Dungeon.
You were not hungry.

You visited 1 branch of the dungeon, and saw 5 of its levels.

You collected 190 gold pieces.

Inventory:

Hand Weapons
 a - a +3 vorpal hand axe (weapon)
Missiles
 f - 122 stones (quivered)
 o - 7 boomerangs
Armour
 j - a +2 cloak (worn)
 n - a +1 leather armour of fire resistance (worn)
Jewellery
 e - a ring of stealth (left hand)
 u - a ring of wizardry (right hand)
Wands
 l - a wand of flame (18)
 r - a wand of polymorph (5)
Scrolls
 k - a scroll of fear {unknown}
 s - a scroll of remove curse
 v - a scroll of blinking {unknown}
 x - a scroll of amnesia {unknown}
Potions
 d - a potion of cancellation {unknown}
 m - 3 potions of heal wounds
 q - 4 potions of might
 t - a potion of curing {unknown}
 w - a potion of flight {unknown}
 z - a potion of brilliance {unknown}
Comestibles
 c - 9 rations
 p - 7 chunks of flesh


   Skills:
 + Level 3.0 Fighting
 + Level 4.2 Dodging
 - Level 2.0 Stealth
 - Level 4.5 Spellcasting
 - Level 6.0 Conjurations
 - Level 6.0 Air Magic


You had 5 spell levels left.
You knew the following spells:

 Your Spells              Type           Power        Failure   Level  Hunger
a - Shock                 Conj/Air       ###.         1%          1    None
b - Swiftness             Chrm/Air       ##......     4%          2    ##.....
c - Static Discharge      Conj/Air       ###.....     2%          3    ###....
d - Airstrike             Air            ###.......   8%          4    ####...

Your spell library contained the following spells:

 Spells                   Type           Power        Failure   Level  Hunger
 Lightning Bolt           Conj/Air       ###.......   21%         5    ######.


Dungeon Overview and Level Annotations

Branches:
Dungeon (5/15)
 Temple: D:4-7

Altars:
Ashenzari
Okawaru
Trog

Annotations:
D:4 Sigmund


Innate Abilities, Weirdness & Mutations

You have a beak for a mouth.
You have claws for feet.
You can fly continuously.


Message History

Unknown command.
You feel sick. The adder completely misses you. The ogre misses you.
You fly upwards.
Level annotation: Sigmund
There is a stone staircase leading down here.
Casting: Static Discharge (safe; 2% risk of failure)
Confirm with . or Enter, or press ? or * to list all spells.
The adder is struck by an arc of lightning.
You kill the adder!
You are struck by an arc of lightning.
The ogre is struck by an arc of lightning!
The ogre is severely wounded.
You are struck by an arc of lightning.
The lightning grounds out.
You feel sick.
Unknown command.
You hit the ogre. You claw the ogre, but do no damage.
The ogre is almost dead.
The ogre hits you with a cursed -1 giant spiked club!!
Ouch! That really hurt!
You die...

.................................
#.####.....###.#.####.###.#####..
#.####.##..##....................
#..........##..#.####.###.......#
####.............# #.# #######.#
###..##.###..#.# #.#########.#
#....##.###..#.####.##.....##.#
###..#.....................##.#
## ##..#..###..#@................
.###...#.......#O####.##.....####
............#..#............#####
###.....###.........#.#####.###..
#####_#####.#............).......
###.....###......................
.............)...................
.###.............................
.# ###.#.....#.#.##...#.##...##..


You could see an ogre.

Vanquished Creatures
  Grinder (D:4)
  An ogre (D:4)
  Blork the orc (D:4)
  2 orc priests (D:3)
  Jessica (D:2)
  Natasha (thrice) (D:2)
  An iguana (D:4)
  2 orc wizards
  Ijyb (D:3)
  Robin (D:4)
  10 adders
  2 oozes (D:1)
  An adder skeleton (D:4)
  2 worms (D:2)
  A dart slug (D:4)
  3 leopard geckos
  18 orcs
  3 giant cockroaches
  25 goblins
  6 hobgoblins
  7 jackals
  2 quokkas
  A ball python (D:4)
  11 bats
  2 frilled lizards
  3 kobolds
  2 quokka skeletons (D:4)
  11 rats
124 creatures vanquished.

Notes
Turn   | Place    | Note
-------+----------+-------------------------------------------
     0 | D:1      | tilp the Tengu Air Elementalist began the quest for the
                  | Orb.
     0 | D:1      | Reached XP level 1. HP: 10/10 MP: 4/4
   189 | D:1      | Reached XP level 2. HP: 15/15 MP: 1/6
   233 | D:1      | Learned a level 2 spell: Swiftness
   554 | D:1      | Reached XP level 3. HP: 19/19 MP: 3/7
   567 | D:1      | Learned a level 3 spell: Static Discharge
   951 | D:2      | Noticed Jessica
   968 | D:2      | Killed Jessica
   968 | D:2      | Reached XP level 4. HP: 9/24 MP: 2/8
  1346 | D:2      | Found an iron altar of Okawaru.
  1448 | D:2      | Reached skill level 5 in Air Magic
  1484 | D:2      | Reached skill level 5 in Conjurations
  1508 | D:2      | Noticed Natasha
  1513 | D:2      | Killed Natasha
  1513 | D:2      | Gained mutation: You can fly continuously. [Tengu growth]
  1513 | D:2      | Reached XP level 5. HP: 28/28 MP: 3/9
  1601 | D:2      | Noticed Natasha
  1615 | D:2      | Killed Natasha
  1633 | D:2      | Noticed Natasha
  1639 | D:2      | Killed Natasha
  1914 | D:3      | Reached XP level 6. HP: 30/32 MP: 6/10
  2531 | D:3      | Noticed Ijyb
  2562 | D:2      | Learned a level 4 spell: Airstrike
  2600 | D:3      | Killed Ijyb
  2878 | D:3      | Found a bloodstained altar of Trog.
  2997 | D:4      | Noticed Grinder
  3060 | D:4      | Noticed Sigmund
  3222 | D:4      | Noticed Robin
  3225 | D:4      | Killed Robin
  3293 | D:4      | Found a shattered altar of Ashenzari.
  3295 | D:4      | Noticed Blork the orc
  3361 | D:4      | Reached XP level 7. HP: 36/36 MP: 0/14
  3702 | D:4      | Reached skill level 1 in Fighting
  3871 | D:4      | Killed Grinder
  4115 | D:4      | Killed Blork the orc
  4269 | D:5      | Entered Level 5 of the Dungeon
  4329 | D:4      | Slain by an ogre

Levels and vault maps discovered:
D:1:      giann_wishing_wells, layout_rooms, grunt_decor_one_mirror
D:2:      layout_rooms, kennysheep_okawaru_gauntlet, minmay_pentomino_o4,
          uniq_natasha, uniq_jessica
D:3:      kennysheep_the_goblin_king, layout_loops_ring, serial_glass,
          glass_columns_a, glass_columns_a, glass_columns_a, glass_columns_a,
          glass_columns_c, glass_columns_c, glass_columns_c, glass_columns_b,
          glass_columns_c, glass_columns_b, trog_book
D:4:      layout_basic, cheibrodos_ashenzari_chains, first_ration, uniq_sigmund,
          uniq_robin, uniq_ijyb, uniq_grinder, uniq_blork_the_orc
D:5:      layout_rooms, kennysheep_ying_yang, nicolae_overflow_hidden_temple,
          cheibrodos_sewer_entry_bend, kennysheep_generic_room_9

Skill      XL: |  1  2  3  4  5  6  7 |
---------------+----------------------+-----
Conjurations   | 2 3 4 5 6 |  6.0
Air Magic      | 5 6 |  6.0
Spellcasting   | 4 |  4.5
Fighting       | 3 |  3.0
Dodging        | 4 |  4.2
Stealth        | |  2.0

Action                   |  1- 3 |  4- 6 |  7- 9 || total
-------------------------+-------+-------+-------++-------
Melee: Hand axe          |     6 |    70 |    33 ||   109
       Kick              |       |    15 |     5 ||    20
       Peck              |       |     7 |     3 ||    10
 Cast: Shock             |    55 |    99 |    13 ||   167
       Airstrike         |       |     4 |     5 ||     9
       Static Discharge  |       |       |     2 ||     2
 Abil: Fly               |       |     1 |       ||     1
  Use: Scroll            |       |     2 |     7 ||     9
 Stab: Sleeping          |       |       |     2 ||     2
  Eat: Chunk             |     1 |     9 |     5 ||    15
Armor: Robe              |     1 |     1 |       ||     2
       Leather armour    |       |    12 |     7 ||    19
Dodge: Dodged            |    12 |    64 |    36 ||   112

Table legend:
 A = Non-vault XP
 B = Vault XP
 C = Vault XP percentage of total XP
 D = Non-vault monster count
 E = Vault monster count
 F = Vault count percentage of total count
                 A         B        C        D         E       F
            +---------+---------+-------+---------+---------+-------
      Total |     676 |     516 |  43.3 |      97 |      27 |  21.8
            +---------+---------+-------+---------+---------+-------
        D:1 |      37 |       0 |   0.0 |      18 |       0 |   0.0
        D:2 |     117 |      92 |  44.0 |      21 |       6 |  22.2
        D:3 |     238 |      41 |  14.7 |      34 |       7 |  17.1
        D:4 |     269 |     383 |  58.7 |      19 |      14 |  42.4
        D:5 |      15 |       0 |   0.0 |       5 |       0 |   0.0
            +---------+---------+-------+---------+---------+-------
